 Dungeon Crawl Stone Soup version 0.29.1-12-g30fa7ad0bf (webtiles) character file.

Game seed: 16981644431459974872

39 Coaxmetal the Digger (level 3, -3/19 HPs)
             Began as a Gargoyle Earth Elementalist on Dec 19, 2022.
             Slain by a hobgoblin (4 damage)
             ... led by Robin
             ... on level 2 of the Dungeon.
             The game lasted 00:01:32 (1033 turns).

Coaxmetal the Digger (Gargoyle Earth Elementalist)  Turns: 1033, Time: 00:01:33

Health: -3/19      AC:  6    Str: 11    XL:     3   Next: 45%
Magic:  1/6        EV: 11    Int: 17    God:
Gold:   65         SH:  0    Dex: 10    Spells: 5/6 levels left

rFire   . . .      SeeInvis .   h - staff of earth
rCold   . . .      Faith    .   (no shield)
rNeg    + . .      Spirit   .   a - +0 robe
rPois   ∞          Reflect  .   o - +0 helmet
rElec   +          Harm     .   (no cloak)
rCorr   .          Rampage  .   (no gloves)
Will    .....                   (no boots)
Stlth   ++........              (no amulet)
HPRegen 0.06/turn               (no ring)
MPRegen 0.10/turn               (no ring)

@: no status effects
A: sickness immunity, AC +3, negative energy resistance 1, electricity
resistance, torment resistance 1, petrification resistance
a: no special abilities


You were on level 2 of the Dungeon.
You visited 1 branch of the dungeon, and saw 2 of its levels.

You collected 65 gold pieces.

Inventory:

Armour
 a - a +0 robe (worn)
 o - a +0 helmet (worn)
Magical Staves
 h - a staff of earth (weapon)
Scrolls
 d - a scroll of fog {unknown}
 e - a scroll of brand weapon {unknown}
 f - a scroll of immolation {unknown}
 g - 4 scrolls of magic mapping {unknown}
 i - a scroll of enchant armour {unknown}
 k - 2 scrolls of identify {unknown}
 l - 3 scrolls of fear {unknown}
 m - a scroll of poison {unknown}
 n - a scroll of acquirement {unknown}
 q - a scroll of teleportation {unknown}
Potions
 c - a potion of attraction {unknown}
 j - a potion of flight {unknown}
 p - a potion of lignification {unknown}
 r - a potion of berserk rage {unknown}
 s - a potion of brilliance {unknown}


   Skills:
 - Level 1.5 Dodging
 * Level 3.9 Stealth
 - Level 2.0 Spellcasting
 - Level 0.7 Transmutations
 + Level 4.2 Earth Magic


You had 5 spell levels left.
You knew the following spells:

 Your Spells              Type           Power      Damage    Failure   Level
a - Sandblast             Erth           48%        2d12      3%          1

Your spell library contained the following spells:

 Spells                   Type           Power      Damage    Failure   Level
 Passwall                 Tmut/Erth      12%        N/A       11%         2
 Stone Arrow              Conj/Erth      26%        3d8       24%         3
 Petrify                  Tmut/Erth      15%        N/A       56%         4


Dungeon Overview and Level Annotations

Branches:
Dungeon (2/15)

Altars:

Annotations:
D:2 Robin


Innate Abilities, Weirdness & Mutations

You are immune to sickness and miasma.
Your stone body is resilient. (AC +3)
You are immune to poison.
You resist negative energy. (rN+)
You are resistant to electric shocks. (rElec)
You are resistant to unholy torment.
You are immune to petrification.


Message History

Press: ? - help, Q - select action Shift-Dir - straight line, f - goblin
Aim: a goblin, wielding a +0 club (strong, 79% to hit)
You feel a surge of power!
The blast of sand hits the goblin!
You kill the goblin!
Unknown command.
The goblin attacks as you move away! The goblin closely misses you.
The hobgoblin no longer looks unusually strong.
Aiming: Sandblast (safe; 3% risk of failure)
Press: ? - help, Q - select action Shift-Dir - straight line, f - goblin
Aim: a goblin, wielding a +0 dagger (strong, 79% to hit)
You feel a surge of power!
The blast of sand hits the goblin!
You kill the goblin!
The hobgoblin closely misses you.
The hobgoblin hits you but does no damage.
Aiming: Sandblast (safe; 3% risk of failure)
Press: ? - help, Q - select action Shift-Dir - straight line, f - goblin
Aim: a goblin, wielding a +0 dagger (strong, 79% to hit)
You feel a surge of power!
The blast of sand hits the goblin.
You kill the goblin!
The hobgoblin closely misses you.
Aiming: Sandblast (safe; 3% risk of failure)
Press: ? - help, Q - select action Shift-Dir - straight line, f - hobgoblin
Aim: a hobgoblin (83% to hit)
You feel a surge of power!
The blast of sand hits the hobgoblin!
You kill the hobgoblin!
The hobgoblin hits you but does no damage.
Aiming: Sandblast (safe; 3% risk of failure)
Press: ? - help, Q - select action Shift-Dir - straight line, f - hobgoblin
Aim: a hobgoblin (strong, 83% to hit)
You feel a surge of power!
The blast of sand hits the hobgoblin!
You kill the hobgoblin!
Unknown command.
Okay, then.
Aiming: Sandblast (safe; 3% risk of failure)
Press: ? - help, Q - select action Shift-Dir - straight line, f - Robin
Aim: Robin, wielding a +0 club, wearing a +0 animal skin and wearing a +0 helmet (87% to hit)
You feel a surge of power!
The blast of sand hits Robin!
Robin is heavily wounded.
The hobgoblin hits you.
You die...

######## ........
#####.....#
#.###..##.....#
#.....g.......#
#@g)......#
###.......#####
#............####
#######)#.##.#####....#
#.g.g)g.#.#..##........
#..g.####.......#######
#....g) ##...#### #
..#.... #.....# #
......g.........# #####


You could see Robin and a hobgoblin.

Vanquished Creatures
  A bat (D:1)
  An endoplasm (D:2)
  2 giant cockroaches (D:2)
  12 goblins
  6 hobgoblins (D:2)
  3 jackals (D:1)
  A kobold (D:1)
  2 ball pythons
  A rat (D:2)
29 creatures vanquished.

Notes
Turn   | Place    | Note
-------+----------+-------------------------------------------
     0 | D:1      | Coaxmetal the Gargoyle Earth Elementalist began the quest
                  | for the Orb.
     0 | D:1      | Reached XP level 1. HP: 10/10 MP: 3/3
   527 | D:1      | Reached XP level 2. HP: 13/15 MP: 0/5
   794 | D:2      | Reached skill level 4 in Earth Magic
   899 | D:2      | Reached XP level 3. HP: 19/19 MP: 3/6
  1014 | D:2      | Noticed Robin
  1033 | D:2      | Slain by a hobgoblin

Illustrated notes

Levels and vault maps discovered:
D:1:      dpeg_arrival_leaves_temple_mockup, layout_loops_ring,
          serial_park_tiny_2
D:2:      layout_rooms, nicolae_ecumenical_oubliette, uniq_robin

Skill      XL: |  1  2 |
---------------+-------+-----
Stealth        | 3 |  3.9
Earth Magic    | 4 |  4.2
Dodging        | |  1.5
Spellcasting   | |  2.0
Transmutations | |  0.7

Action                   || total
-------------------------++-------
Melee: Staff             ||     3
 Cast: Sandblast         ||    34
  Use: Potion            ||     1
Armor: Robe              ||     7
Dodge: Dodged            ||     9
